 Dungeon Crawl Stone Soup version 0.31.0-32-g396128a36d (webtiles) character file.

Game seed: 14450871027313544632

244 BigDaddyOpFi the Sneak (level 6, 0/36 HPs)
             Began as an Octopode Earth Elementalist on Apr 12, 2024.
             Slain by a lemure (1 damage)
             ... led by Pikel
             ... on level 4 of the Dungeon on Apr 16, 2024.
             The game lasted 00:05:41 (3863 turns).

BigDaddyOpFi the Sneak (OpEE)                       Turns: 3863, Time: 00:05:42

Health: 0/36       AC:  1    Str:  8    XL:     6   Next: 10%
Magic:  10/10      EV: 13    Int: 19    God:
Gold:   177        SH:  0    Dex: 12    Spells: 2/10 levels left

rFire   x . .        k - staff of conjuration
rCold   + + .        (no shield)
rNeg    . . .        (helmet restricted)
rPois   .            (no amulet)
rElec   .            g - ring of willpower
rCorr   .            b - ring of ice
SInv    .            f - ring of protection from cold
Will    +....        (no ring)
Stlth   ++++         (no ring)
HPRegen 0.26/turn    (no ring)
MPRegen 0.12/turn    (no ring)
                     (no ring)

%: no passive effects
@: no status effects
A: almost no armour, amphibious, 8 rings, camouflage 1, gelatinous body 1,
(nimble swimmer 1), tentacles
a: no special abilities


You were on level 4 of the Dungeon.
You visited 1 branch of the dungeon, and saw 5 of its levels.

You collected 177 gold pieces.

Inventory:

Missiles
 l - 9 poisoned darts
Magical Staves
 k - a staff of conjuration (weapon)
Jewellery
 b - a ring of ice (right tentacle)
 f - a ring of protection from cold (on tentacle)
 g - a ring of willpower (left tentacle)
 p - a ring of willpower
Scrolls
 c - 2 scrolls of poison
 h - 2 scrolls of revelation
 i - a scroll of teleportation
 m - 2 scrolls of identify
 n - a scroll of torment {unknown}
 o - a scroll of amnesia {unknown}
 q - a scroll of fear {unknown}


   Skills:
 + Level 3.1 Dodging
 + Level 4.4 Stealth
 + Level 2.9 Spellcasting
 * Level 3.2 Conjurations
 + Level 3.8 Earth Magic


You had 2 spell levels left.
You knew the following spells:

 Your Spells              Type           Power      Damage    Failure   Level
a - Sandblast             Erth           34%        2d9       3%          1
b - Stone Arrow           Conj/Erth      48%        3d10      11%         3
c - Brom's Barrelling Bo  Conj/Erth      24%        2d5       34%         4

Your spell library contained the following spells:

 Spells                   Type           Power      Damage    Failure   Level
 Passwall                 Erth           17%        N/A       10%         3
 Hailstorm                Conj/Ice       20%        3d7       24%         3
 Summon Ice Beast         Ice/Summ       4%         N/A       43%         3
 Volatile Blastmotes      Fire/Tloc      4%         2d10      43%         3
 Petrify                  Alch/Erth      10%        N/A       56%         4
 Fulminant Prism          Conj/Alch      6%         3d6       61%         4
 Iskenderun's Mystic Bla  Conj/Tloc      13%        2d5       61%         4
 Sculpt Simulacrum        Ice/Alch       2%         N/A       100%        6


Dungeon Overview and Level Annotations

Branches:
Dungeon (5/15)
 Temple: D:4-7

Altars:

Annotations:
D:4 Pikel


Innate Abilities, Weirdness & Mutations

You cannot wear most types of armour.
You are amphibious.
You can wear up to eight rings at the same time.
Your skin changes colour to match your surroundings (Stealth+).
Your rubbery body absorbs attacks. (AC +1, EV +1)
((You are camouflaged when in or above water. (Stealth+)))
You have tentacles for arms and can constrict up to eight enemies at once.


Message History

Welcome back, BigDaddyOpFi the Octopode Earth Elementalist.
Press ? for a list of commands and other information.
There is a stone staircase leading down here.
Partly explored, can't reach some items.
Partly explored, can't reach some items.
There is a stone staircase leading down here.
You climb downwards.
Level annotation: Pikel The lemure barely misses you.
Pikel hits you with a +0 whip of flaming.
Pikel burns you.
There is a stone staircase leading up here.
Unknown command.
The lemure hits you.
The orc wizard casts a spell.
The orc wizard flickers and vanishes!
Deactivating autopickup; reactivate with Ctrl-A.
The lemure hits you! The lemure closely misses you.
Pikel says, "You'll make a fine lemure."
Pikel hits you with a +0 whip of flaming.
Pikel burns you.
You climb upwards.
Reactivating autopickup.
There is a stone staircase leading down here.
Unknown command.
Okay, then.
It was a potion of curing.
You feel better. The lemure barely misses you. Pikel closely misses you.
The lemure misses you. The lemure hits you!
* * * LOW HITPOINT WARNING * * *
As you read the scroll of summoning, it crumbles to dust.
Wisps of shadow whirl around you... The lemure barely misses you.
Pikel waves his whip at you.
Pikel hits you with a +0 whip of flaming.
* * * LOW HITPOINT WARNING * * *
Pikel burns you.
* * * LOW HITPOINT WARNING * * *
The lemure hits you.
* * * LOW HITPOINT WARNING * * *
The lemure hits you.
You die...

.............######
###..#.
.....##..##...#######
#..##
.....#..###.#.......#
#..#
............#######.##
#..# ####.#..##### #..#
#..# ##......#########
##.# #..#
##.#<.#.#.....Kr# #.#
#..#
.....##.#......5####.###
#..#
...###.........K@5.....#
#..#
....>...#......5########
#..# ######..#.....S.#
#####..# # #.##########
#......# # ##.# #....)##
#####..# #.....#
......## #.....# ......#
#..).## ......# #....#


You could see Pikel, 3 lemures, a friendly quokka (summoned), a friendly ball
python (summoned) and a friendly kobold (summoned).

Vanquished Creatures
  A scorpion (D:4)
  A bombardier beetle (D:3)
  6 adders
  6 dart slugs
  3 ribbon worms
  10 orcs
  4 ball pythons
  5 bats
  6 endoplasms
  4 giant cockroaches
  6 goblins
  7 hobgoblins
  3 jackals (D:3)
  4 quokkas
  2 frilled lizards
  8 kobolds
  2 rats
78 creatures vanquished.

Notes
Turn   | Place    | Note
-------+----------+-------------------------------------------
     0 | D:1      | BigDaddyOpFi the Octopode Earth Elementalist began the
                  | quest for the Orb.
     0 | D:1      | Reached XP level 1. HP: 11/11 MP: 3/3
   197 | D:1      | Reached XP level 2. HP: 12/17 MP: 0/5
   309 | D:1      | Reached skill level 3 in Stealth
   881 | D:2      | Reached XP level 3. HP: 21/21 MP: 4/6
   889 | D:2      | Learned a level 3 spell: Stone Arrow
  1585 | D:3      | Reached XP level 4. HP: 27/27 MP: 5/7
  2097 | D:3      | Reached XP level 5. HP: 27/31 MP: 4/8
  2245 | D:3      | Reached skill level 4 in Stealth
  2405 | D:3      | Found a faded altar of an unknown god.
  3298 | D:4      | Reached XP level 6. HP: 36/36 MP: 8/10
  3348 | D:4      | HP: 1/54 [orc/+0 hand axe (6)]
  3798 | D:5      | Entered Level 5 of the Dungeon
  3798 | D:5      | Noticed Pikel
  3853 | D:4      | Learned a level 4 spell: Brom's Barrelling Boulder
  3863 | D:4      | HP: 1/36 [lemure[Pikel] (3)]
  3863 | D:4      | Slain by a lemure

Illustrated notes

Levels and vault maps discovered:
D:1:      ldierk_walled_garden_2, layout_basic, nicolae_wormholes
D:2:      layout_loops_ring, minmay_misc_feat_columns
D:3:      layout_basic, ebering_ecumenical_altar_sacrificial, minmay_surrounded
D:4:      layout_rooms, minmay_gold_behind_fungi
D:5:      layout_cave_pools, st_stairs_8, uniq_pikel, uniq_eustachio,
          uniq_grinder

Skill      XL: |  1  2  3  4  5 |
---------------+----------------+-----
Stealth        | 3 4 |  4.4
Conjurations   | 2 3 |  3.2
Dodging        | 3 |  3.1
Spellcasting   | |  2.9
Earth Magic    | |  3.8

Action                     |  1- 3 |  4- 6 || total
---------------------------+-------+-------++-------
  Melee: Unarmed           |     5 |     5 ||    10
         Constrict         |     2 |     7 ||     9
         Tentacles         |     2 |     5 ||     7
         Staff             |       |    17 ||    17
         Punch             |       |     1 ||     1
   Cast: Sandblast         |    45 |    61 ||   106
         Stone Arrow       |       |    14 ||    14
    Use: Scroll            |       |     6 ||     6
         Potion            |       |     4 ||     4
 Armour: Skin              |     5 |    43 ||    48
  Dodge: Dodged            |     9 |    47 ||    56
